 Dungeon Crawl Stone Soup version 0.30-a0-137-gd8773701ce (webtiles) character file.

Game seed: 10390688397808779291

10 blackman the Slasher (level 2, 20/24 HPs)
             Began as a Human Monk on Sept 22, 2022.
             Quit the game on level 1 of the Dungeon.
             The game lasted 00:00:50 (241 turns).

blackman the Slasher (Human Monk)                    Turns: 241, Time: 00:00:51

Health: 20/24      AC:  2    Str: 11    XL:     2   Next: 30%
Magic:  2/2        EV: 13    Int: 10    God:
Gold:   13         SH:  0    Dex: 15    Spells: 1/1 levels left

rFire   . . .      SeeInvis .    a - +0 falchion
rCold   . . .      Faith    .    (no shield)
rNeg    . . .      Spirit   .    b - +0 robe
rPois   .          Reflect  .    (no helmet)
rElec   .          Harm     .    (no cloak)
rCorr   .          Rampage  .    (no gloves)
Will    .....                    (no boots)
Stlth   ++........               (no amulet)
HPRegen 0.08/turn                (no ring)
MPRegen 0.08/turn                (no ring)

@: no status effects
A: no striking features
a: no special abilities


You were on level 1 of the Dungeon.
You visited 1 branch of the dungeon, and saw 1 of its levels.

You collected 13 gold pieces.

Inventory:

Hand Weapons
 a - a +0 falchion (weapon)
Armour
 b - a +0 robe (worn)
Potions
 d - a potion of curing {unknown}


   Skills:
 - Level 3.0 Fighting
 + Level 3.6 Long Blades
 - Level 3.0 Dodging
 - Level 2.0 Stealth


You had one spell level left.
You didn't know any spells.
Your spell library contained the following spells:

 Spells                   Type           Power      Damage    Failure   Level
 Slow                     Hex            0%         N/A       36%         1


Dungeon Overview and Level Annotations

Branches:
Dungeon (1/15)

Altars:


Message History

The hobgoblin shouts!
Found Plato's Handbook of Beguiling.
Found a faded altar of an unknown god.
The hobgoblin evades a web.
You slash the goblin!
You kill the goblin!
You have reached level 2!
You slash the giant cockroach!
You kill the giant cockroach!
The hobgoblin evades a web.
The hobgoblin hits you.
You hit the hobgoblin but do no damage. The hobgoblin closely misses you.
An endoplasm comes into view.
You barely miss the hobgoblin. The hobgoblin misses you.
You hit the hobgoblin.
The hobgoblin is severely wounded.
The hobgoblin hits you.
The endoplasm oozes through a web.
You barely miss the hobgoblin.
The hobgoblin is severely wounded.
The hobgoblin hits you.
The endoplasm oozes through a web.
You slash the hobgoblin!
You kill the hobgoblin!
You hit the endoplasm.
The endoplasm is almost dead.
The endoplasm hits you.
You slash the endoplasm!
You kill the endoplasm!
No target in view!
No target in view!
No target in view!
No target in view!
You pick up Plato's Handbook of Beguiling and begin reading...
You add the spell Slow to your library.
There is a faded altar of an unknown god here.
There are no items here.
This altar belongs to (a) Kikubaaqudgha, (b) Ashenzari or (c) Sif Muna, but you can't tell which.
Press the corresponding letter to learn more about a god, or press enter to convert or escape to cancel.
Okay, then.
Unknown command.
Press < or > to pray at altars.
Okay, then.
Are you sure you want to abandon this character and quit the game? (Confirm with "yes".)

#.# ...##
#.######........
####.##.....P# ...
#..........P# ...# #
##..........# ##..#.#
#.....##...#P#..^.#.##
###...###..#P#P##.....
.....## ##.#.#.#.^.#
####.# #.#P#P#@^.# #.#
#.#P#.#...# ##'##
#.#.#.##..# ##...##
#..#.#..^.#
##.....###...#.##..#
#.......###...#....#
.........###...##^)#
.........+............
.........####...#.##.##


There were no monsters in sight!

Vanquished Creatures
  2 ball pythons (D:1)
  2 bats (D:1)
  An endoplasm (D:1)
  A giant cockroach (D:1)
  A hobgoblin (D:1)
  A goblin (D:1)
  A kobold (D:1)
  A rat (D:1)
10 creatures vanquished.

Notes
Turn   | Place    | Note
-------+----------+-------------------------------------------
     0 | D:1      | blackman the Human Monk began the quest for the Orb.
     0 | D:1      | Reached XP level 1. HP: 18/18 MP: 1/1
   225 | D:1      | Found a faded altar of an unknown god.
   227 | D:1      | Reached XP level 2. HP: 24/24 MP: 2/2
   240 | D:1      | Got Plato's Handbook of Beguiling
   241 | D:1      | Quit the game

Illustrated notes

Levels and vault maps discovered:
D:1:      dpeg_arrival_court, layout_loops_corners,
          shapermc_ecumenical_altar_rom_forum

Action                   || total
-------------------------++-------
Melee: Falchion          ||    35
       Punch             ||     1
  Use: Potion            ||     1
 Stab: Sleeping          ||     1
Armor: Robe              ||     9
Dodge: Dodged            ||    37

Table legend: (Time is in decaauts)
 A = Elapsed time spent in this place.
 B = Non-inter-level travel time spent in this place.
 C = Inter-level travel time spent in this place.
 D = Time resting spent in this place.
 E = Time spent auto-exploring this place.
 F = Levels seen in this place.
 G = Mean time per level.
                   A        B        C        D        E       F      G
               +--------+--------+--------+--------+--------+-----+--------+
         Total |    246 |    242 |      4 |      0 |    155 |   1 |  246.0 |
       Dungeon |    246 |    242 |      4 |      0 |    155 |   1 |  246.0 |
               +--------+--------+--------+--------+--------+-----+--------+

Top non-repeatable levels by time:
     D:1: 246 daAuts
